 Dungeon Crawl Stone Soup version 0.19-a0-1091-g463c9de (webtiles) character file.

120 Jmtri7 the Slasher (level 4, -1/37 HPs)
             Began as a Minotaur Gladiator on Aug 7, 2016.
             Slain by a worm (5 damage)
             ... on level 3 of the Dungeon.
             The game lasted 00:04:53 (1580 turns).

Jmtri7 the Slasher (Minotaur Gladiator)             Turns: 1580, Time: 00:04:55

Health: -1/37      AC:  3    Str: 19    XL:     4   Next: 75%
Magic:  3/3        EV: 13    Int:  5    God:
Gold:   145        SH:  0    Dex: 12    Spells: 0 memorised, 3 levels left

rFire  . . .     SeeInvis .     a - +0 long sword
rCold  . . .     Gourm    .     t - +0 leather armour (curse)
rNeg   . . .     Faith    +     (no shield)
rPois  .         Spirit   .     c - +0 hat
rElec  .         Dismiss  .     (no cloak)
rCorr  .         Reflect  .     (no gloves)
SustAt .         Harm     .     (no boots)
MR     .....                    j - amulet of faith
Stlth  +.........               (no ring)
                                (no ring)

@: lethally poisoned (-1 -> -3)
A: retaliatory headbutt, horns 2
a: no special abilities


You were on level 3 of the Dungeon.
You were not hungry.

You visited 1 branch of the dungeon, and saw 3 of its levels.

You collected 145 gold pieces.

Inventory:

Hand Weapons
 a - a +0 long sword (weapon)
Missiles
 d - 3 throwing nets (quivered)
Armour
 c - a +0 hat (worn)
 t - a cursed +0 leather armour (worn)
Jewellery
 j - an amulet of faith (around neck)
Scrolls
 b - a scroll of random uselessness {unknown}
 i - 3 scrolls of identify {unknown}
 m - a scroll of remove curse {unknown}
 r - a scroll of enchant weapon {unknown}
 s - a scroll of recharging {unknown}
Potions
 e - a potion of agility {unknown}
 h - a potion of curing {unknown}
 k - 4 potions of heal wounds {unknown}
 q - a potion of might {unknown}
Comestibles
 f - a bread ration
 g - a beef jerky
 l - 5 fruits
 n - a meat ration
 p - 6 chunks of flesh


   Skills:
 - Level 2.4 Fighting
 + Level 6.7 Long Blades
 - Level 2.0 Throwing
 - Level 3.2 Dodging


You had 3 spell levels left.
You didn't know any spells.

Dungeon Overview and Level Annotations

Branches:
Dungeon (3/15)

Altars:
Gozag
Yredelemnul


Innate Abilities, Weirdness & Mutations

You reflexively headbutt those who attack you in melee.
You have a pair of horns on your head.


Message History

The adder bites you.
You are poisoned.
The adder poisons you! The worm bites you!
You completely miss the worm.
The worm is lightly wounded.
You feel sick. The adder barely misses you. You furiously retaliate!
You headbutt the adder. The adder barely misses you. The worm bites you!
* * * LOW HITPOINT WARNING * * *
Some of the chunks of flesh in your inventory have rotted away.
You hit the worm.
The worm is moderately wounded.
The adder bites you.
* * * LOW HITPOINT WARNING * * *
You hit the worm. You headbutt the worm.
The worm is heavily wounded.
You feel sick. The adder barely misses you.
You riposte.
You completely miss the adder.
The adder is heavily wounded.
The worm bites you.
You die...

+.......##### #.
#............
##.#####............
............(.#####
#.#####.#####.##...
####.#####.# #.##...
.%.........#####.##...
##>.................
#.@w.##.#####.#####
#S.......... ..
#............. ....
#.........#############
......###### #8## #
##.##. ...8## #. #.
....## # #. ...._#
....##


You could see a worm and an adder.

Vanquished Creatures
  Terence (D:2)
  A worker ant zombie (D:3)
  2 adders (D:3)
  An ooze (D:2)
  3 dart slugs
  2 giant geckos
  An orc (D:3)
  5 giant cockroaches
  6 goblins
  8 hobgoblins
  6 kobolds
  2 quokkas
  2 bats
  3 giant newts
  2 gnoll zombies (D:2)
  7 rats
52 creatures vanquished.

Notes
Turn   | Place    | Note
-------+----------+-------------------------------------------
     0 | D:1      | Jmtri7 the Minotaur Gladiator began the quest for the Orb.
     0 | D:1      | Reached XP level 1. HP: 18/18 MP: 0/0
    50 | D:1      | Reached skill level 4 in Long Blades
    82 | D:1      | Reached XP level 2. HP: 11/25 MP: 1/1
   580 | D:2      | Noticed Terence
   587 | D:2      | Killed Terence
   587 | D:2      | Reached skill level 5 in Long Blades
   587 | D:2      | Reached XP level 3. HP: 26/30 MP: 2/2
   889 | D:2      | Found a basalt altar of Yredelemnul.
   976 | D:2      | Reached XP level 4. HP: 34/37 MP: 3/3
  1082 | D:2      | Reached skill level 6 in Long Blades
  1250 | D:3      | Found an opulent altar of Gozag.
  1356 | D:3      | Found a faded altar of an unknown god.
  1580 | D:3      | Slain by a worm

Vault maps used:
D:1:      dpeg_arrival_rooms_c, minmay_domino_2
D:2:      lemuel_zombie_altar_yredelemnul, minmay_misc_feat_secret_circle,
          uniq_terence
D:3:      lemuel_upstairs_altar, nemelex_xobeh_ov_fountains_minmay,
          nicolae_overflow_hidden_temple, ecumenical_altar_2

Skill      XL: |  1  2  3  4 |
---------------+-------------+-----
Long Blades    | 4 5 6 |  6.7
Fighting       | |  2.4
Throwing       | |  2.0
Dodging        | |  3.2

Action                   |  1- 3 |  4- 6 || total
-------------------------+-------+-------++-------
Melee: Long sword        |    79 |    58 ||   137
       Headbutt          |    14 |     8 ||    22
  Eat: Chunk             |       |     2 ||     2
Armor: Leather armour    |     2 |     1 ||     3
       Plate armour      |    37 |     5 ||    42
       Chain mail        |     1 |       ||     1
Dodge: Dodged            |    24 |    33 ||    57
